 Dungeon Crawl Stone Soup version 0.21-a0-329-g12f17e1 (webtiles) character file.

325 vishdafish the Poker (level 6, 0/44 HPs)
             Began as a Demonspawn Skald on Oct 1, 2017.
             Slain by an ooze (3 damage)
             ... on level 5 of the Dungeon.
             The game lasted 00:08:29 (6735 turns).

vishdafish the Poker (Demonspawn Skald)             Turns: 6735, Time: 00:08:30

Health: 0/44       AC:  6    Str:  9 (11) XL:     6   Next: 24%
Magic:  9/9        EV: 12    Int: 16      God:
Gold:   139        SH:  0    Dex:  8 (13) Spells: 8/9 levels left

rFire    . . .     SeeInvis .   a - +0 spear
rCold    . . .     Gourm    .   (no shield)
rNeg     . . .     Faith    .   b - +0 leather armour
rPois    +         Spirit   .   (no helmet)
rElec    .         Reflect  .   (no cloak)
rCorr    .         Harm     .   k - +0 pair of gloves
MR       .....                  (no boots)
Stlth    ..........             (no amulet)
HPRegen  0.14/turn              s - ring of poison resistance
MPRegen  0.11/turn              (no ring)

@: confused
A: hooves 1, molten scales 1
a: no special abilities


You were on level 5 of the Dungeon.
You were not hungry.

You visited 1 branch of the dungeon, and saw 5 of its levels.

You collected 139 gold pieces.

Inventory:

Hand Weapons
 a - a +0 spear (weapon)
Armour
 b - a +0 leather armour (worn)
 k - a +0 pair of gloves (worn)
Jewellery
 s - a ring of poison resistance (left hand)
Wands
 g - a wand of disintegration (4/24)
Scrolls
 e - 2 scrolls of amnesia
 h - 3 scrolls of remove curse
 j - a scroll of random uselessness {unknown}
 l - 2 scrolls of enchant armour
 n - a scroll of enchant weapon {unknown}
 o - a scroll of teleportation {unknown}
Potions
 i - 2 potions of flight
Books
 c - a book of Battle

   Spells                             Type                      Level
   a - Infusion                       Charms                       1
   b - Shroud of Golubria             Charms/Translocation         2
   c - Song of Slaying                Charms                       2
   d - Spectral Weapon                Hexes/Charms                 3
   e - Regeneration                   Charms/Necromancy            3
Comestibles
 d - 2 bread rations
 q - 2 fruits


   Skills:
 - Level 2.0 Fighting
 - Level 5.0 Polearms
 - Level 1.1 Armour
 * Level 3.3 Dodging
 - Level 2.1 Spellcasting
 - Level 3.0 Charms


You had 8 spell levels left.
You knew the following spells:

 Your Spells              Type           Power        Failure   Level  Hunger
a - Infusion              Chrm           ##..         9%          1    #......


Dungeon Overview and Level Annotations

Branches:
Dungeon (5/15)
 Temple: D:4-7

Altars:
Uskayaw

Annotations:
D:3 Eustachio


Innate Abilities, Weirdness & Mutations

You have large cloven feet.
You are partially covered in molten scales. (AC +2)


Message History

* * * LOW HITPOINT WARNING * * *
You hit the worker ant but do no damage.
The worker ant is almost dead.
The worker ant closely misses you.
You hit the worker ant.
The worker ant is almost dead.
The ooze misses you. The worker ant bites you!
* * * LOW HITPOINT WARNING * * *
You barely miss the worker ant.
The worker ant is almost dead.
The ooze hits you.
* * * LOW HITPOINT WARNING * * *
The worker ant completely misses you.
You are confused.
You feel invigorated. The worker ant barely misses you.
The ooze hits you but does no damage.
You barely miss the ooze. The worker ant bites you.
* * * LOW HITPOINT WARNING * * *
The ooze hits you.
You die...

...
#..........#
....#..........
..##.......# #
...........# .
..##...#...###
.#
#.#..<....###.#
#.
##.....#....#
#. #....ZaJ.###
.. #.#...#@## .
#.#...###
......#
#.......
###......
#..### #..


You could see a worker ant, an ooze and an adder skeleton.

Vanquished Creatures
  2 orc priests
  Natasha (thrice) (D:2)
  3 orc wizards (D:4)
  4 adders
  2 worms
  A dart slug (D:1)
  2 leopard geckos (D:2)
  5 orcs
  A giant cockroach (D:2)
  7 goblins
  13 hobgoblins
  4 jackals
  4 kobolds
  A ball python (D:1)
  9 bats
  5 frilled lizards
  8 rats
74 creatures vanquished.

Notes
Turn   | Place    | Note
-------+----------+-------------------------------------------
     0 | D:1      | vishdafish the Demonspawn Skald began the quest for the Orb.
     0 | D:1      | Reached XP level 1. HP: 16/16 MP: 3/3
    58 | D:1      | Reached skill level 1 in Armour
   162 | D:1      | Gained mutation: You have large cloven feet. [demonic ancestry]
   162 | D:1      | Reached XP level 2. HP: 15/22 MP: 5/5
   466 | D:1      | Reached skill level 2 in Polearms
   974 | D:2      | Noticed Natasha
   991 | D:2      | Killed Natasha
   991 | D:2      | Reached skill level 3 in Polearms
   991 | D:2      | Gained mutation: You are partially covered in molten scales. (AC +2) [demonic ancestry]
   991 | D:2      | Reached XP level 3. HP: 11/27 MP: 1/6
  1164 | D:2      | Noticed Natasha
  1171 | D:2      | HP: 1/27 [Natasha (2)]
  1173 | D:2      | Killed Natasha
  1173 | D:2      | Reached XP level 4. HP: 2/33 MP: 3/7
  1687 | D:2      | Reached skill level 4 in Polearms
  2030 | D:2      | Noticed Natasha
  2040 | D:2      | Killed Natasha
  2278 | D:2      | Reached XP level 5. HP: 38/38 MP: 5/8
  2753 | D:3      | Found a hide-covered altar of Uskayaw.
  3188 | D:4      | Noticed Eustachio
  6257 | D:3      | Reached skill level 5 in Polearms
  6304 | D:4      | Reached XP level 6. HP: 35/44 MP: 0/9
  6704 | D:4      | Noticed a hornet
  6713 | D:5      | Entered Level 5 of the Dungeon
  6733 | D:5      | HP: 2/44 [ooze (1)]
  6735 | D:5      | Slain by an ooze

Vault maps used:
D:1:      dpeg_arrival_short_road
D:2:      first_bread, kennysheep_cross_room, hangedman_decor_points,
          minmay_close_crescents, uniq_natasha
D:3:      eat_drink_and_be_merry_uskayaw
D:4:      serial_glass, glass_columns_c, glass_columns_a, uniq_pikel,
          uniq_eustachio

Skill      XL: |  1  2  3  4  5  6 |
---------------+-------------------+-----
Armour         | 1 |  1.1
Polearms       | 3 4 5 |  5.0
Dodging        | 2 3 |  3.3
Charms         | 3 |  3.0
Fighting       | |  2.0
Spellcasting   | |  2.1

Action                   |  1- 3 |  4- 6 || total
-------------------------+-------+-------++-------
Melee: Spear             |    84 |   278 ||   362
       Kick              |     7 |    44 ||    51
 Cast: Infusion          |     8 |    21 ||    29
  Use: Potion            |     1 |     5 ||     6
       Scroll            |       |     4 ||     4
 Stab: Sleeping          |     1 |       ||     1
  Eat: Bread ration      |       |     2 ||     2
       Chunk             |       |     4 ||     4
       Meat ration       |       |     1 ||     1
       Fruit             |       |     1 ||     1
Armor: Leather armour    |    10 |   114 ||   124
Dodge: Dodged            |    24 |   182 ||   206

Table legend:
 A = Spawn XP
 B = Non-spawn XP
 C = Spawn XP percentage of total XP
 D = Spawn monster count
 E = Non-spawn monster count
 F = Spawn count percentage of total count
 G = Total turns spent on level
                    A         B        C        D         E        F      G
               +---------+---------+-------+---------+---------+-------+---------
         Total |       0 |     465 |   0.0 |       0 |      74 |   0.0 |  6735
               +---------+---------+-------+---------+---------+-------+---------
           D:1 |       0 |      30 |   0.0 |       0 |      19 |   0.0 |   881
           D:2 |       0 |     169 |   0.0 |       0 |      24 |   0.0 |  3884
           D:3 |       0 |     104 |   0.0 |       0 |      22 |   0.0 |  1630
           D:4 |       0 |     162 |   0.0 |       0 |       9 |   0.0 |   318
               +---------+---------+-------+---------+---------+-------+---------
